 Dungeon Crawl Stone Soup version 0.32-a0-768-g0f6f1dd4b9 (webtiles) character file.

Game seed: 6786072081772717726

24 Goblin1989 the Ruffian (level 2, -5/21 HPs)
             Began as a Demonspawn Shapeshifter on Mar 18, 2024.
             Slain by a ribbon worm (7 damage)
             ... on level 2 of the Dungeon.
             The game lasted 00:01:35 (1058 turns).

Goblin1989 the Ruffian (Demonspawn Shapeshifter)    Turns: 1058, Time: 00:01:35

Health: -5/21      AC:  2    Str: 14    XL:     2   Next: 79%
Magic:  2/2        EV: 11    Int: 10    God:
Gold:   54         SH:  0    Dex: 12    Spells: 1/1 levels left

rFire   . .          .
                       - Unarmed
rCold   . . .        (no shield)
rNeg    . . .        a - +0 animal skin
rPois   .            (helmet currently unavailable)
rElec   .            (cloak currently unavailable)
rCorr   .            (gloves currently unavailable)
SInv    .            (boots currently unavailable)
Will    .....        (no amulet)
Stlth   ++           (no ring)
HPRegen 0.23/turn    (no ring)
MPRegen 0.08/turn

%: no passive effects
@: beast-form, wreathed by umbra
A: beast (slay +1), foul shadow 1
a: Begin Untransformation


You were on level 2 of the Dungeon.
You were a hulking beast.
You visited 1 branch of the dungeon, and saw 2 of its levels.

You collected 54 gold pieces.

Inventory:

Armour
 a - a +0 animal skin (worn)
Jewellery
 m - an amulet of guardian spirit
Talismans
 c - a beast talisman (active)
 d - a flux talisman
Scrolls
 e - a scroll of poison {unknown}
 g - a scroll of enchant weapon {unknown}
 h - 4 scrolls of teleportation {unknown}
 j - a scroll of vulnerability {unknown}
 n - a scroll of identify {unknown}
Potions
 b - a potion of lignification
 f - a potion of mutation {unknown}
 i - a potion of brilliance {unknown}
 k - 3 potions of degeneration {unknown}
 l - a potion of ambrosia {unknown}


   Skills:
 - Level 1.0 Fighting
 - Level 1.7 Dodging
 + Level 3.2 Unarmed Combat
 + Level 3.1 Shapeshifting


You had one spell level left.
You didn't know any spells.
Your spell library contained the following spells:

 Spells                   Type           Power      Damage    Failure   Level
 Blink                    Tloc           0%         N/A       50%         2
 Lesser Beckoning         Tloc           0%         N/A       50%         2
 Mercury Vapours          Alch/Air       0%         N/A       50%         2
 Momentum Strike          Conj/Tloc      0%         3d8       50%         2
 Mephitic Cloud           Conj/Alch/Air  0%         N/A       75%         3
 Freezing Cloud           Conj/Ice/Air   0%         6-21      100%        5


Dungeon Overview and Level Annotations

Branches:
Dungeon (2/15) Zot: 10945

Altars:


Innate Abilities, Weirdness & Mutations

You are a hulking beast.
Your limbs bulge with bestial killing power. (Slay +1)
You are faintly shadowed, very rarely releasing foul flame when damaged in melee.


Message History

No target in view!
No target in view!
No target in view!
No target in view!
No target in view!
No target in view!
No target in view!
You now have 54 gold pieces (gained 6).
h - 4 scrolls labelled DIB INAUSHRYCWOELY (gained 1)
You open the door.
There is an open door here.
n - a scroll labelled ACUPNA GAITIOLL You open the door.
Found 7 stones and a maw talisman.
There is an open door here.
You open the door.
A goblin comes into view. It is wielding a +0 club.
The goblin shouts!
A goblin is nearby!
There is an open door here.
You hit the goblin.
You kill the goblin!
No target in view!
No target in view!
No target in view!
No target in view!
No target in view!
No target in view!
No target in view!
No target in view!
No target in view!
No target in view!
No target in view!
No target in view!
No target in view!
No target in view!
No target in view!
No target in view!
No target in view!
A rat comes into view.
A ribbon worm comes into view.
The rat squeaks loudly.
You see here a maw talisman.
You hit the ribbon worm.
The ribbon worm is lightly wounded.
The ribbon worm expels a string of sticky webbing.
The stream of webbing hits you but does no damage.
You are caught in a web!
You struggle to detach yourself from the web.
The ribbon worm bites you.
You take 2 damage, and have 19/21 hp.
The web tears apart.
The ribbon worm bites you!
The ribbon worm is seared by the foul flame within you.
The ribbon worm is moderately wounded.
You take 6 damage, and have 13/21 hp.
MASSIVE DAMAGE!!
You barely miss the ribbon worm.
The ribbon worm is moderately wounded.
The rat barely misses you.
You hit the ribbon worm but do no damage.
The ribbon worm is moderately wounded.
The ribbon worm closely misses you. The rat closely misses you.
You hit the ribbon worm.
The ribbon worm is heavily wounded.
The rat bites you but does no damage. The ribbon worm bites you.
* * * LOW HITPOINT WARNING * * *
You take 4 damage, and have 9/21 hp.
You hit the ribbon worm.
The ribbon worm is severely wounded.
The rat misses you. The ribbon worm bites you.
* * * LOW HITPOINT WARNING * * *
You take 6 damage, and have 3/21 hp.
MASSIVE DAMAGE!!
You hit the ribbon worm.
The ribbon worm is almost dead.
The rat barely misses you.
The ribbon worm expels a string of sticky webbing.
The stream of webbing hits you but does no damage.
You are caught in a web!
The rat bites you.
* * * LOW HITPOINT WARNING * * *
There is a web here.
You take 2 damage, and have 2/21 hp.
You struggle to detach yourself from the web.
The rat bites you but does no damage.
The web tears apart.
The rat closely misses you. The ribbon worm barely misses you.
The rat attacks as it pursues you! The rat bites you.
* * * LOW HITPOINT WARNING * * *
You take 1 damage, and have 1/21 hp.
The ribbon worm expels a string of sticky webbing.
The stream of webbing hits you but does no damage.
You are caught in a web!
There is an open door here.
The rat barely misses you.
You hit the rat.
You kill the rat!
You hit the ribbon worm.
The ribbon worm is severely wounded.
You hit the ribbon worm.
The ribbon worm is almost dead.
The ribbon worm bites you!
You die...

█. █. █^ ██.████████ █.
█.........█ ███▲████████.
█.........█ █............
█.........████.█............
█.........∆)...█............
█.........██████............
█......(..wh...∆............
██.........██████............
█.....%...██ █............
█.███████████████............
...................
........███████████ ........█


█████████ You could see a ribbon worm (catching breath).

Vanquished Creatures
  2 endoplasms
  A giant cockroach (D:1)
  A hobgoblin (D:1)
  4 jackals (D:1)
  3 kobolds (D:1)
  3 ball pythons (D:1)
  3 bats (D:1)
  A goblin (D:2)
  5 rats
23 creatures vanquished.

Notes
Turn   | Place    | Note
-------+----------+-------------------------------------------
     0 | D:1      | Goblin1989 the Demonspawn Shapeshifter began the quest for
                  | the Orb.
     0 | D:1      | Reached XP level 1. HP: 15/15 MP: 1/1
   163 | D:1      | Gained mutation: You are faintly shadowed, very rarely
                  | releasing foul flame when damaged in melee. [demonic
                  | ancestry]
   163 | D:1      | Reached XP level 2. HP: 10/21 MP: 2/2
  1050 | D:2      | HP: 1/21 [rat (2)]
  1058 | D:2      | Slain by a ribbon worm

Illustrated notes

Levels and vault maps discovered:
D:1:      amcnicky_arrival_double_pillar, layout_basic
D:2:      layout_basic, basic_altar

Skill      XL: |  1  2 |
---------------+-------+-----
Unarmed Combat | 3 |  3.2
Shapeshifting  | 3 |  3.1
Fighting       | |  1.0
Dodging        | |  1.7

Action                     || total
---------------------------++-------
  Melee: Unarmed           ||    69
 Armour: Animal skin       ||    47
  Dodge: Dodged            ||    54

Table legend: (Time is in decaauts)
 A = Elapsed time spent in this place.
 B = Non-inter-level travel time spent in this place.
 C = Inter-level travel time spent in this place.
 D = Time resting spent in this place.
 E = Time spent auto-exploring this place.
 F = Levels seen in this place.
 G = Mean time per level.
                   A        B        C        D        E       F      G
               +--------+--------+--------+--------+--------+-----+--------+
         Total |   1053 |   1043 |     10 |     24 |    838 |   2 |  526.5 |
       Dungeon |   1053 |   1043 |     10 |     24 |    838 |   2 |  526.5 |
               +--------+--------+--------+--------+--------+-----+--------+

Top non-repeatable levels by time:
     D:1: 904 daAuts
     D:2: 148 daAuts
